 Dungeon Crawl Stone Soup version 0.24-a0-284-g9fb9971df1 (webtiles) character file.

Game seed: 4482825386035152048

218700 Niddhogr the Impaler (level 19, -3/146 HPs)
             Began as a Formicid Venom Mage on May 4, 2019.
             Was an Initiate of Gozag.
             Killed from afar by a raiju (20 damage)
             ... with a living lightning
             ... on level 3 of the Abyss on May 5, 2019.
             The game lasted 03:44:41 (48157 turns).

Niddhogr the Impaler (Formicid Venom Mage)         Turns: 48157, Time: 03:44:41

Health: -3/146     AC: 11    Str: 12    XL:     19   Next: 87%
Magic:  37/37      EV: 17    Int: 25    God:    Gozag
Gold:   2460       SH: 11    Dex:  9    Spells: 12/46 levels left

rFire    . . .     SeeInvis +   G - +9 halberd (elec)
rCold    + . .     Gourm    .   n - +2 buckler
rNeg     . . .     Faith    .   x - +1 ring mail {rC+} {rC+}
rPois    .         Spirit   .   (helmet unavailable)
rElec    .         Reflect  +   R - scarf {repulsion}
rCorr    .         Harm     .   T - +0 pair of gloves
MR       +....                  k - +2 pair of boots {run} {Speed+}
Stlth    ++........             g - +2 amulet of reflection
HPRegen  0.34/turn              C - +6 ring of evasion
MPRegen  0.25/turn              p - +3 ring of intelligence

@: very slightly contaminated, glowing, repel missiles, quick
A: permanent stasis, dig shafts and tunnels, four strong arms, antennae 3,
[clumsy 1], [deformed body], [screaming 1], weak 1
}: 1/15 runes: gossamer
a: Dig, Shaft Self, Potion Petition, Call Merchant, Bribe Branch, Renounce
Religion


You were on level 3 of the Abyss.
You worshipped Gozag.
Gozag was most pleased with you.
You were not hungry.

You visited 7 branches of the dungeon, and saw 31 of its levels.
You visited the Abyss 1 time.
You also visited: Sewer, Bailey and Ice Cave.

You collected 12444 gold pieces.
You spent 5069 gold pieces at shops.
You paid 4915 gold pieces to Gozag.

Inventory:

Hand Weapons
 G - a +9 halberd of electrocution (weapon)
 V - the +8 lance "Wyrmbane" {slay drac, rPois rF+ rC+ AC+3}
   (You bought it in a shop on level 6 of the Lair of Beasts)

   It affects your AC (+3).
   It protects you from fire.
   It protects you from cold.
   It protects you from poison.
Missiles
 l - 16 javelins (quivered)
 v - 4 throwing nets {=f}
 F - 7 needles of confusion
 Q - 734 arrows
Armour
 k - a +2 pair of boots of running (worn) {Speed+}
 n - a +2 buckler (worn)
 s - a +2 large shield of poison resistance {rPois}
 x - a +1 ring mail of cold resistance (worn) {rC+}
 D - the +0 cloak of Fun {*Drain Str+2 Int+5 Dex+2 SInv}
   (You acquired it on level 1 of the Depths)

   It affects your strength (+2).
   It affects your intelligence (+5).
   It affects your dexterity (+2).
   It lets you see invisible.
   It causes draining when unequipped.
 R - a scarf of repulsion (worn)
 T - a +0 pair of gloves (worn)
Jewellery
 g - a +2 amulet of reflection (around neck)
 p - a +3 ring of intelligence (right hand)
 C - a +6 ring of evasion (left hand)
 I - an uncursed ring of protection from cold
 M - an uncursed ring of protection from magic
 W - an uncursed ring of wizardry {Wiz+}
 X - an uncursed ring of flight
Wands
 b - a wand of scattershot (4)
 d - a wand of disintegration (36)
 h - a wand of polymorph (3)
 o - a wand of paralysis (27)
 B - a wand of acid (2)
 K - a wand of clouds (7)
 Z - a wand of iceblast (9)
Scrolls
 a - 4 scrolls of enchant armour
 e - 3 scrolls of fear
 f - 4 scrolls of fog
 i - 2 scrolls of identify
 r - 4 scrolls of amnesia
 t - 23 scrolls of remove curse
 u - 3 scrolls of magic mapping {!r}
 y - a scroll of brand weapon
 A - a scroll of enchant weapon
 L - 2 scrolls of immolation {!r}
 O - a scroll of vulnerability {!r!r}
 Y - a scroll of summoning
Potions
 j - 4 potions of might
 m - a potion of brilliance
 q - 2 potions of resistance
 E - 3 potions of flight
 H - 5 potions of mutation {!q}
 J - 4 potions of magic
 N - 2 potions of cancellation
 P - 2 potions of agility
 S - a potion of lignification {!q}
Comestibles
 c - 28 rations


   Skills:
 - Level 12.2 Fighting
 - Level 15.0 Polearms
 - Level 11.0 Armour
 - Level 3.6 Dodging
 - Level 10.1 Stealth
 + Level 13.8 Shields
 - Level 14.0 Spellcasting
   Level 0.8 Conjurations
 - Level 13.0 Hexes
 - Level 4.0 Charms
 - Level 6.0 Translocations
 - Level 11.1 Earth Magic
 - Level 10.1 Poison Magic


You had 12 spell levels left.
You knew the following spells:

 Your Spells              Type           Power        Failure   Level  Hunger
a - Invisibility          Hex            ######..     4%          6    ####...
c - Olgreb's Toxic Radia  Pois           ######..     1%          4    None
d - Passage of Golubria   Tloc           N/A          4%          4    None
e - Spectral Weapon       Hex/Chrm       ######..     1%          3    None
f - Confuse               Hex            ######..     1%          3    None
g - Tukima's Dance        Hex            ######..     1%          3    None
h - Ensorcelled Hibernat  Hex/Ice        ######       1%          2    None
s - Swiftness             Chrm/Air       ####....     4%          2    None
w - Passwall              Tmut/Erth      #####...     1%          2    None
z - Lee's Rapid Deconstr  Erth           ######....   1%          5    ##.....

Your spell library contained the following spells:

 Spells                   Type           Power        Failure   Level  Hunger
 Apportation              Tloc           #####.       1%          1    None
 Confusing Touch          Hex            ######       1%          1    None
 Corona                   Hex            ######.      1%          1    None
 Infusion                 Chrm           ####         1%          1    None
 Sandblast                Erth           ######       1%          1    None
 Sting                    Conj/Pois      ####         1%          1    None
 Poisonous Vapours        Pois/Air       #####.       1%          2    None
 Shroud of Golubria       Chrm/Tloc      #####.....   1%          2    None
 Song of Slaying          Chrm           #####...     1%          2    None
 Dazzling Spray           Conj/Hex       ######       1%          3    None
 Inner Flame              Hex/Fire       ######..     1%          3    None
 Lesser Beckoning         Tloc           #####.....   1%          3    None
 Stone Arrow              Conj/Erth      #####.       1%          3    None
 Summon Guardian Golem    Hex/Summ       ######..     1%          3    None
 Cause Fear               Hex            ######....   1%          4    None
 Leda's Liquefaction      Hex/Erth       ######....   1%          4    None
 Flame Tongue             Conj/Fire      ###..        4%          1    None
 Mephitic Cloud           Conj/Pois/Air  #####...     4%          3    None
 Darkness                 Hex            ######....   4%          6    ####...
 Animate Skeleton         Necr           N/A          6%          1    None
 Summon Butterflies       Summ           ###.....     6%          1    None
 Summon Small Mammal      Summ           ###.         6%          1    None
 Searing Ray              Conj           ###...       6%          2    None
 Petrify                  Tmut/Erth      #####...     6%          4    None
 Throw Flame              Conj/Fire      ###...       8%          2    None
 Regeneration             Chrm/Necr      ####......   8%          3    None
 Call Imp                 Summ           ###.....     9%          2    None
 Corpse Rot               Necr           N/A          9%          2    None
 Sublimation of Blood     Necr           ###.......   9%          2    None
 Silence                  Hex/Air        ######....   12%         5    ##.....
 Yara's Violent Unravell  Hex/Tmut       ######....   12%         5    ##.....
 Conjure Flame            Conj/Fire      ###.....     16%         3    None
 Borgnjor's Vile Clutch   Necr/Erth      #####.....   17%         5    ##.....
 Call Canine Familiar     Summ           ###.....     19%         3    None
 Venom Bolt               Conj/Pois      #####.....   19%         5    ##.....
 Alistair's Intoxication  Tmut/Pois      #####...     22%         5    ##.....
 Bolt of Magma            Conj/Fire/Erth #####.....   32%         5    ##.....
 Sticky Flame             Conj/Fire      ###.....     45%         4    None
 Summon Ice Beast         Ice/Summ       ###.....     52%         4    None
 Summon Lightning Spire   Summ/Air       ###.....     52%         4    None
 Excruciating Wounds      Chrm/Necr      ####......   58%         5    ##.....
 Iron Shot                Conj/Erth      #####.....   61%         6    ####...
 Statue Form              Tmut/Erth      #####....    67%         6    ####...
 Bolt of Draining         Conj/Necr      ###.......   80%         5    ##.....
 Fireball                 Conj/Fire      ###.......   80%         5    ##.....
 Irradiate                Conj/Tmut      ###.......   80%         5    ##.....
 Agony                    Necr           ###.....     86%         5    ##.....
 Dispel Undead            Necr           ###.....     86%         5    ##.....
 Discord                  Hex            ######....   88%         8    #######
 Deflect Missiles         Chrm/Air       ####......   99%         6    ####...
 Dragon's Call            Summ           ###.......   100%        9    #######
 Shatter                  Erth           ######....   100%        9    #######


Dungeon Overview and Level Annotations

Branches:
Dungeon (15/15)            Temple (1/1) D:7            Lair (6/6) D:11
 Shoals (0/4) Lair:4       Spider (4/4) Lair:2        Slime (0/5) Lair:5
    Orc (2/2) D:9             Elf (2/3) Orc:2        Vaults (0/5) D:14
 Depths (1/5) D:15

Altars:
Ashenzari
Cheibriados
Elyvilon
Fedhas
Gozag
Kikubaaqudgha
Nemelex Xobeh
Okawaru
Ru
Sif Muna
Vehumet
Xom
Yredelemnul
Beogh

Shops:
D:5 !   D:6 [   D:8 :   D:10 ?(   D:11 [   D:12 ?   Orc:1 =   Orc:2 *:%[
Elf:1 [?}*   Lair:6 ((

Portals:
Hell: Depths:1
Trove: D:13 (show slimy rune of Zot)

Annotations:
Spider:1 1 runed translucent door, exclusion: Jorgrun, Jorgrun; Voyli's ghost, journeyman DDFi
Elf:2 3 runed translucent doors


Innate Abilities, Weirdness & Mutations

You cannot be hasted, slowed, berserked, paralysed or teleported.
You can dig through walls and to a lower floor.
Your four strong arms can wield two-handed weapons with a shield.
You have a pair of large antennae on your head. (SInv)
You are weak. (Str -2)
[You are clumsy. (Dex -2)]
[Armour fits poorly on your strangely shaped body.]
[You occasionally shout uncontrollably at your foes.]


Message History

The angel barely misses you.
You miss the angel. The raiju bites your spectral weapon.
Your spectral weapon shares its damage with you!
The raiju shocks your spectral weapon.
Your spectral weapon resists.
Your spectral weapon shares its damage with you!
* * * LOW HITPOINT WARNING * * *
The angel gestures.
The angel is healed somewhat.
You take 3 damage, and have 17/146 hp.
You slash the angel! You block the angel's attack.
The angel hits you but does no damage.
The raiju bursts into living lightning!
The living lightning hits your spectral weapon.
Your spectral weapon resists.
Your spectral weapon shares its damage with you!
Your spectral weapon fades away.
The living lightning hits you!!
You die...
Your body crumbles into a pile of gold.

#. . .####
# # ..
.#.## ###.
. .h.# # #
. ..{ ##
#.# .. #
.#..#.#.#
##.......#
#h###$..##
#..@A.## #
##..### .#
#### .# .
#


You could see an angel and a raiju.

Levels and vault maps discovered:
D:1:      wander_arrival_fairy_ring, layout_loops_ring, minmay_pentomino_v2
D:2:      layout_loops_ring, bloody_trog, ashenzari_altar_1,
          minmay_pentomino_pile
D:3:      layout_basic, grunt_temple_overflow_opulence, tgw_sif,
          portal_sewer_entry_b
D:4:      layout_gridville, fedhas_ov_isle_minmay
D:5:      layout_loops_ring, serial_shops, shop, first_ration
D:6:      layout_basic, kennysheep_okawaru_gauntlet, serial_shops, shop,
          kennysheep_generic_room_13, uniq_grinder
D:7:      layout_basic, cheibriados_altar_1, minmay_temple_entry_statues_pillars
D:8:      layout_rooms, lemuel_mausoleum_altar_kikubaaqudgha, serial_shops,
          shop, hangedman_little_slice_of_home, chequers_serial_rivers_micro_a,
          skrybe_limestone_x, nicolae_ru_sacrificial_ziggurat
D:9:      minmay_the_grid_4x2 [minmay_the_grid_medium_cups,
          minmay_the_grid_garden, minmay_the_grid_odd_star,
          minmay_the_grid_small_cups, minmay_the_grid_armoury,
          minmay_the_grid_minigrid_large, minmay_the_grid_slots,
          minmay_the_grid_prize_inner_circle], layout_long_grid,
          lemuel_crystal_altar, xom_butterflies, erik_orc_1,
          hangedman_decor_points, uniq_grum, uniq_erolcha
D:10:     layout_roguey, enter_bailey_3, serial_shops, shop
D:11:     layout_basic, david_lair_shrubbed, item_on_display_a
D:12:     layout_basic, serial_shops, nicolae_shop_stone,
          minmay_beelzebubs_servants, uniq_maurice
D:13:     layout_long_grid, nicolae_trove_entry_path_of_doom,
          minmay_sticks_and_stones
D:14:     layout_big_octagon, grunt_decor_resistance, minmay_librarian,
          uniq_louise
D:15:     grunt_enter_depths_snipers, layout_cave_pools,
          portal_ice_cave_entry_pillars_1, uniq_roxanne
Temple:   dpeg_chambers_temple
Lair:1:   layout_roguey, lemuel_fruit_tree
Lair:2:   layout_gridlike, nicolae_spider_entry_tight_spaces,
          infiniplex_staircase_pool_2, uniq_nergalle
Lair:3:   layout_roguey, serial_bayou_pond_a, lemuel_fruit_fields
Lair:4:   layout_misc_corridors, minmay_shoals_entry_hut, beast_lair_carwin_9
Lair:5:   layout_hall_layers, slime_dummy, eino_small_chamber_without_monster
Lair:6:   cheibrodos_lair_end_hotspot, layout_gridlike, wad_woods_river_04,
          uniq_urug
Spider:1: layout_spider_delve, special_room [special_room_bee],
          gammafunk_ghost_grave, uniq_jorgrun
Spider:2: layout_spider_delve
Spider:3: layout_spider_delve, hangedman_spider_tarantella_strand, uniq_arachne
Spider:4: grunt_spider_rune_circles
Orc:1:    layout_caves, minmay_shop_enchanted_jewellery
Orc:2:    st_orc_mages, layout_caves, basic_altar
Elf:1:    elf_arrival_001, layout_gridlike, serial_shops, shop, shop, shop,
          nicolae_shop_stone, minmay_elf_sorcery, grunt_megastairs_2,
          uniq_asterion
Elf:2:    layout_geoelf_octagon, nicolae_elf_w_pinch
Depths:1: layout_basic, grunt_hell_entry_dis_mu, chequers_serial_rivers_micro_e,
          kennysheep_small_square
Abyss:3:  grunt_abyss_rune_forest_and_sorcery, evilmike_abyss_exit_10

Notes
Turn   | Place    | Note
-------+----------+-------------------------------------------
     0 | D:1      | Niddhogr the Formicid Venom Mage began the quest for the
                  | Orb.
     0 | D:1      | Reached XP level 1. HP: 13/13 MP: 3/3
     9 | D:1      | Identified a +0 club
    43 | D:1      | HP: 3/13 [leopard gecko (5)]
    49 | D:1      | HP: 2/13 [leopard gecko (2)]
   463 | D:1      | Reached XP level 2. HP: 19/19 MP: 1/5
   564 | D:1      | Identified a +0 short sword
   566 | D:1      | Identified a +0 dagger
   755 | D:1      | Reached skill level 5 in Poison Magic
   787 | D:1      | Identified a +0 club
   980 | D:1      | Reached XP level 3. HP: 21/24 MP: 6/6
  1273 | D:1      | Identified a +0 dagger
  1274 | D:1      | Identified a +0 short sword
  1361 | D:2      | Found a shattered altar of Ashenzari.
  1458 | D:2      | You fall through a shaft!
  1459 | D:3      | Identified 3 scrolls of identify
  1459 | D:3      | Identified 2 scrolls of remove curse
  1470 | D:3      | Identified a +0 spear (You found it on level 3 of the
                  | Dungeon)
  1535 | D:3      | Identified a +0 dagger
  1549 | D:3      | Found an opulent altar of Gozag.
  1549 | D:3      | Found a sparkling altar of Nemelex Xobeh.
  1555 | D:3      | Became a worshipper of Gozag Ym Sagoz the Greedy
  1572 | D:3      | Learned a level 2 spell: Poisonous Vapours
  1576 | D:3      | Learned a level 3 spell: Mephitic Cloud
  1609 | D:3      | Identified 2 scrolls of teleportation
  1712 | D:3      | Identified a scroll of blinking
  1778 | D:3      | Found a glowing drain.
  1822 | Sewer    | Entered a sewer
  1834 | Sewer    | Reached skill level 1 in Polearms
  1837 | Sewer    | Reached XP level 4. HP: 30/30 MP: 7/7
  1869 | Sewer    | Noticed Purgy
  1871 | Sewer    | Identified 3 potions of haste
  1978 | Sewer    | Identified a potion of cancellation
  1979 | Sewer    | Identified a potion of agility
  1992 | Sewer    | Killed Purgy
  1992 | Sewer    | Reached skill level 3 in Spellcasting
  1992 | Sewer    | Reached skill level 6 in Poison Magic
  1992 | Sewer    | Reached XP level 5. HP: 25/35 MP: 1/9
  2105 | Sewer    | Identified a ring of evasion (You found it in a sewer)
  2232 | D:3      | Identified a +0 club
  2338 | D:3      | Identified a potion of berserk rage
  2425 | D:3      | Identified a cursed -2 dagger
  2425 | D:3      | Identified a +0 robe
  2631 | D:3      | Found a deep blue altar of Sif Muna.
  2935 | D:4      | Identified a potion of curing
  2963 | D:4      | Identified a +0 short sword
  2963 | D:4      | Identified a +3 ring mail
  3315 | D:4      | Identified a cursed -2 club
  3315 | D:4      | Identified a +0 leather armour
  3318 | D:4      | Identified a +0 dagger
  3318 | D:4      | Identified a cursed +0 robe
  3434 | D:4      | Identified a cursed +0 robe (You found it on level 4 of the
                  | Dungeon)
  3444 | D:4      | Identified a +0 giant club
  3444 | D:4      | Noticed an ogre
  3460 | D:4      | Killed an ogre
  3460 | D:4      | Reached skill level 4 in Spellcasting
  3460 | D:4      | Reached skill level 7 in Poison Magic
  3460 | D:4      | Reached XP level 6. HP: 24/41 MP: 4/12
  3615 | D:4      | Identified a +0 war axe
  3639 | D:4      | Identified a ring of intelligence (You found it on level 4
                  | of the Dungeon)
  4063 | D:4      | Identified a +0 dagger
  4063 | D:4      | Identified a +0 robe
  4064 | D:4      | Identified a +0 flail
  4430 | D:4      | Found a blossoming altar of Fedhas.
  4439 | D:4      | Reached XP level 7. HP: 46/46 MP: 10/13
  4729 | D:4      | Identified a +0 trident (You found it on level 4 of the
                  | Dungeon)
  4755 | D:5      | Entered Level 5 of the Dungeon
  4834 | D:5      | Identified a +0 club
  4835 | D:5      | Identified a +0 whip
  4845 | D:5      | Reached skill level 2 in Polearms
  4910 | D:5      | Identified a +2 glaive of protection (You found it on level
                  | 5 of the Dungeon)
  4956 | D:5      | Identified a +0 whip
  4958 | D:5      | Reached skill level 8 in Poison Magic
  4963 | D:5      | Identified a +0 giant club
  5070 | D:5      | Noticed a water moccasin
  5074 | D:5      | Killed a water moccasin
  5074 | D:5      | Reached skill level 3 in Polearms
  5074 | D:5      | Reached skill level 5 in Spellcasting
  5151 | D:5      | Identified a +0 spear
  5151 | D:5      | Identified a +0 halberd
  5153 | D:5      | Identified a +0 club
  5217 | D:5      | Identified a +0 short sword
  5217 | D:5      | Identified a +0 leather armour
  5341 | D:5      | Identified a +0 spear
  5345 | D:5      | Reached XP level 8. HP: 47/52 MP: 11/15
  5423 | D:5      | Found Faubixul's Distillery.
  5457 | D:5      | Identified a +0 giant club
  5462 | D:5      | Reached skill level 4 in Polearms
  5707 | D:6      | Identified a +0 battleaxe
  5707 | D:6      | Identified a +0 plate armour
  5708 | D:6      | Identified a +2 mace of distortion
  5708 | D:6      | Identified a +0 leather armour
  5803 | D:6      | Learned a level 4 spell: Olgreb's Toxic Radiance
  5865 | D:6      | Reached skill level 6 in Spellcasting
  6200 | D:6      | Identified a +0 dagger
  6200 | D:6      | Identified a +0 robe
  6202 | D:6      | Identified a +0 long sword
  6202 | D:6      | Identified a +0 chain mail
  6202 | D:6      | Identified a cursed -1 whip
  6213 | D:6      | Identified a cursed -3 hand axe
  6213 | D:6      | Identified a +0 robe
  6224 | D:6      | Reached skill level 9 in Poison Magic
  6538 | D:6      | Noticed Grinder
  6545 | D:6      | Killed Grinder
  6545 | D:6      | Reached skill level 7 in Spellcasting
  6545 | D:6      | Reached XP level 9. HP: 46/57 MP: 19/19
  6653 | D:6      | Identified a +0 club
  6657 | D:6      | Identified a +0 ring mail
  6658 | D:6      | Identified a +0 dagger
  6658 | D:6      | Identified a +0 robe
  6695 | D:6      | Identified a +0 spear
  6695 | D:6      | Identified a +0 spear
  6698 | D:6      | Found an iron altar of Okawaru.
  6734 | D:6      | Identified a +0 trident
  6734 | D:6      | Identified a cursed +0 plate armour
  6748 | D:6      | Reached skill level 10 in Poison Magic
  6758 | D:6      | Identified a +0 morningstar
  6758 | D:6      | Identified a +0 hunting sling
  6758 | D:6      | Identified a cursed ring of poison resistance
  6759 | D:6      | Identified a +0 hand axe
  6759 | D:6      | Identified a +0 robe
  7079 | D:6      | Identified a cursed -3 morningstar
  7079 | D:6      | Identified a +0 ring mail
  7079 | D:6      | Identified a +0 scimitar
  7079 | D:6      | Identified a +0 chain mail
  7089 | D:6      | Reached skill level 1 in Fighting
  7094 | D:6      | Reached skill level 2 in Fighting
  7361 | D:6      | Found Vaoxyt Kafi's Armour Shoppe.
  7609 | D:7      | Found a snail-covered altar of Cheibriados.
  7721 | D:7      | Identified a +0 shortbow
  7734 | D:7      | Reached skill level 3 in Fighting
  7734 | D:7      | Reached skill level 8 in Spellcasting
  7744 | D:7      | Identified a ring of protection from magic (You found it on
                  | level 7 of the Dungeon)
  7931 | D:7      | Identified a +0 shortbow
  7938 | D:7      | Identified a +0 shortbow
  7941 | D:7      | Identified a +0 dagger
  7941 | D:7      | Identified a +0 robe
  7941 | D:7      | Identified a +0 war axe
  7941 | D:7      | Identified a +0 ring mail
  7942 | D:7      | Identified a +0 flail
  8114 | D:7      | Reached skill level 4 in Fighting
  8207 | D:7      | Found a staircase to the Ecumenical Temple.
  8228 | D:7      | Got a shimmering hand axe
  8377 | D:7      | Identified a +0 giant club
  8583 | Temple   | Entered the Ecumenical Temple
  8625 | D:8      | Bought a ration for 50 gold pieces
  8625 | D:8      | Bought a ration for 50 gold pieces
  8625 | D:8      | Bought a ration for 50 gold pieces
  8625 | D:8      | Bought a ration for 50 gold pieces
  8625 | D:8      | Bought a ration for 50 gold pieces
  8634 | D:8      | Identified a +0 flail
  8636 | D:8      | Identified a +2 vampiric whip
  8636 | D:8      | Identified a +2 flail of holy wrath
  8646 | D:8      | Identified a +0 shortbow
  8671 | D:8      | Reached skill level 5 in Fighting
  8840 | D:8      | Reached skill level 9 in Spellcasting
  8840 | D:8      | Reached XP level 10. HP: 61/74 MP: 20/23
  8901 | D:8      | Identified 4 scrolls of enchant weapon
  9047 | D:8      | Identified a +0 giant club
  9054 | D:8      | Reached skill level 1 in Armour
  9085 | D:8      | Identified a +0 giant club
  9085 | D:8      | Identified a +0 giant club
  9085 | D:8      | Noticed a two-headed ogre
  9116 | D:8      | Killed a two-headed ogre
  9116 | D:8      | Reached skill level 6 in Polearms
  9116 | D:8      | Reached skill level 3 in Armour
  9351 | D:8      | Found Ifedekaz's Book Boutique.
  9470 | D:8      | Identified a +0 battleaxe
  9470 | D:8      | Identified a +0 robe
  9486 | D:8      | Found an ancient bone altar of Kikubaaqudgha.
  9500 | D:8      | Identified a +5 spear
  9500 | D:8      | Identified a +0 robe
 10038 | D:8      | Reached skill level 4 in Armour
 10132 | D:8      | Found a sacrificial altar of Ru.
 10202 | D:8      | Reached skill level 7 in Polearms
 11011 | D:9      | Identified a +0 giant spiked club
 11011 | D:9      | Identified a +0 robe
 11011 | D:9      | Noticed Erolcha
 11064 | D:9      | Identified a -1 spear of piercing
 11064 | D:9      | Identified a +0 animal skin
 11064 | D:9      | Noticed Grum
 11066 | D:9      | Identified a +0 giant club
 11153 | D:9      | Killed Grum
 11291 | D:9      | Identified a cursed +0 giant spiked club
 11291 | D:9      | Identified a +0 giant club
 11291 | D:9      | Noticed a two-headed ogre
 11319 | D:9      | Killed a two-headed ogre
 11319 | D:9      | Reached skill level 8 in Polearms
 11319 | D:9      | Reached skill level 5 in Armour
 11319 | D:9      | Reached XP level 11. HP: 79/79 MP: 20/24
 11366 | D:9      | Found a shimmering altar of Xom.
 11386 | D:9      | Identified a +0 arbalest
 11396 | D:9      | Killed Erolcha
 11396 | D:9      | Reached skill level 9 in Polearms
 11396 | D:9      | Reached skill level 6 in Armour
 11476 | D:9      | Identified 2 potions of brilliance
 11556 | D:9      | Identified a +0 scimitar
 11556 | D:9      | Identified a +0 plate armour
 11582 | D:9      | Identified a +0 dagger
 11582 | D:9      | Identified a +0 leather armour
 11652 | D:9      | Identified a cursed -2 flail
 11652 | D:9      | Identified a +0 shortbow
 11694 | D:9      | Noticed a manticore
 11696 | D:9      | Identified a +0 hand axe of electrocution
 11696 | D:9      | Identified a +0 longbow
 11696 | D:9      | Noticed a centaur warrior
 11707 | D:9      | Killed a manticore
 11716 | D:9      | Identified a +0 long sword
 11716 | D:9      | Identified a +0 plate armour
 11716 | D:9      | Noticed an orc knight
 11717 | D:9      | Identified a +0 hand axe
 11717 | D:9      | Identified a +0 chain mail
 11719 | D:9      | Identified a +0 short sword
 11719 | D:9      | Identified a +0 plate armour
 11923 | D:9      | Identified a +0 mace
 11939 | D:9      | Identified a +0 dire flail
 11939 | D:9      | Identified a +0 giant spiked club
 11939 | D:9      | Noticed a two-headed ogre
 11953 | D:9      | Killed a two-headed ogre
 11953 | D:9      | Reached skill level 10 in Polearms
 11953 | D:9      | Reached skill level 7 in Armour
 11971 | D:9      | Killed an orc knight
 12444 | D:9      | Identified a +0 giant spiked club
 12444 | D:9      | Identified a +0 giant club
 12444 | D:9      | Noticed a two-headed ogre
 12451 | D:9      | Killed a two-headed ogre
 12596 | D:9      | Identified a +0 pair of boots (You found it on level 9 of
                  | the Dungeon)
 12606 | D:9      | Noticed a brown ugly thing
 12625 | D:9      | Killed a brown ugly thing
 12829 | D:9      | Found a white marble altar of Elyvilon.
 12877 | D:9      | Reached skill level 11 in Polearms
 12959 | D:9      | Identified a +0 shortbow
 12986 | D:9      | Reached skill level 8 in Armour
 13252 | D:9      | Identified a +0 falchion
 13252 | D:9      | Identified a +0 leather armour
 13253 | D:9      | Identified a +0 dagger
 13253 | D:9      | Identified a +0 robe
 13256 | D:9      | Identified a +0 animal skin
 13267 | D:9      | Identified a +0 hand axe
 13267 | D:9      | Identified a +0 chain mail
 13269 | D:9      | Identified a +0 dagger
 13269 | D:9      | Identified a +0 robe
 13276 | D:9      | Reached XP level 12. HP: 66/86 MP: 12/25
 13277 | D:9      | Killed a centaur warrior
 13298 | D:9      | Identified a +0 war axe
 13298 | D:9      | Identified a +0 plate armour
 13298 | D:9      | Identified a +0 mace
 13298 | D:9      | Identified a +1 animal skin
 13301 | D:9      | Identified a +0 club
 13301 | D:9      | Identified a +0 mace
 13301 | D:9      | Identified a +0 chain mail
 13302 | D:9      | Identified a +0 hand axe
 13302 | D:9      | Identified a +0 ring mail
 13303 | D:9      | Identified a +0 flail
 13303 | D:9      | Identified a +0 animal skin
 13303 | D:9      | Identified a +0 animal skin
 13309 | D:9      | Identified a +0 dagger
 13309 | D:9      | Identified a +0 robe
 13310 | D:9      | Found a staircase to the Orcish Mines.
 13313 | D:9      | Identified a +0 dagger
 13313 | D:9      | Identified a cursed +0 robe
 13327 | D:9      | Identified a +0 short sword
 13487 | D:9      | Identified a +0 short sword
 13487 | D:9      | Identified a +0 scale mail
 13685 | D:10     | Entered Level 10 of the Dungeon
 13686 | D:10     | Identified a scroll of noise
 13906 | D:10     | Identified a +0 hand axe
 13907 | D:10     | Identified a +0 hand axe
 13909 | D:10     | Identified a +0 hand axe
 13911 | D:10     | Identified a +0 hand axe
 13937 | D:10     | Found a flagged portal.
 13957 | Bailey   | Entered a bailey
 14021 | Bailey   | Identified a +1 halberd of electrocution
 14021 | Bailey   | Identified a cursed +0 halberd
 14035 | Bailey   | Identified a +0 halberd of electrocution
 14041 | Bailey   | Identified a +0 halberd
 14042 | Bailey   | Identified a +0 halberd of electrocution
 14044 | Bailey   | Identified a +0 halberd
 14146 | Bailey   | Identified a +1 halberd of electrocution
 14161 | Bailey   | Identified a +0 halberd of electrocution
 14162 | Bailey   | Identified a +0 halberd
 14203 | Bailey   | Identified a +0 halberd
 14232 | Bailey   | Identified a +1 halberd of electrocution
 14236 | Bailey   | Identified a +0 halberd
 14237 | Bailey   | Identified a +0 halberd
 14240 | Bailey   | Identified a +0 dire flail of holy wrath
 14240 | Bailey   | Identified a +0 arbalest
 14240 | Bailey   | Identified a +0 chain mail
 14435 | D:10     | Identified a +0 shortbow
 14435 | D:10     | Noticed a centaur warrior
 14435 | D:10     | Identified a +0 shortbow
 14450 | D:10     | Killed a centaur warrior
 14450 | D:10     | Reached skill level 12 in Polearms
 14618 | D:10     | Identified a +0 battleaxe
 14618 | D:10     | Identified a +0 chain mail
 14618 | D:10     | Identified a cursed -3 club
 14618 | D:10     | Identified a +0 dagger
 14618 | D:10     | Identified a +0 robe
 14618 | D:10     | Identified a +0 hand axe
 14621 | D:10     | Reached skill level 9 in Armour
 14627 | D:10     | Reached skill level 2 in Dodging
 14800 | D:10     | Identified a +0 giant club
 14939 | D:10     | Identified a +0 club
 14939 | D:10     | Identified a +0 ring mail
 14939 | D:10     | Identified a +0 short sword
 14940 | D:10     | Identified a +0 dagger
 14940 | D:10     | Identified a +0 whip of electrocution
 14940 | D:10     | Identified a +0 chain mail
 15150 | D:10     | Found Beschull's Magic Scroll Boutique.
 15154 | D:10     | Bought a scroll of identify for 26 gold pieces
 15154 | D:10     | Bought a scroll of identify for 26 gold pieces
 15154 | D:10     | Bought a scroll of identify for 26 gold pieces
 15154 | D:10     | Bought a scroll of identify for 26 gold pieces
 15154 | D:10     | Identified 2 scrolls of fog
 15155 | D:10     | Identified 3 scrolls of magic mapping
 15156 | D:10     | Identified 2 potions of mutation
 15157 | D:10     | Identified 3 potions of heal wounds
 15201 | D:8      | Bought a book of Burglary for 750 gold pieces
 15204 | D:8      | Learned a level 2 spell: Passwall
 15207 | D:8      | Learned a level 2 spell: Swiftness
 15212 | D:8      | Learned a level 4 spell: Passage of Golubria
 15218 | D:8      | Learned a level 5 spell: Lee's Rapid Deconstruction
 15319 | D:11     | Identified a +2 dagger of holy wrath
 15319 | D:11     | Identified a +0 robe
 15326 | D:11     | Reached skill level 3 in Dodging
 15327 | D:11     | HP: 18/86 [orc wizard/puff of flame (6)]
 15355 | D:11     | Identified a +0 scimitar of protection
 15355 | D:11     | Identified a +0 plate armour
 15644 | D:11     | Identified a +0 chain mail
 15674 | D:11     | Identified a cursed -3 giant club
 15751 | D:11     | Identified a +0 war axe
 15753 | D:11     | Identified a +0 flail
 15756 | D:11     | Identified a +0 hand axe
 15756 | D:11     | Identified a +0 plate armour
 15910 | D:11     | HP: 19/86 [acid (8)]
 15915 | D:11     | Reached skill level 10 in Armour
 16219 | D:11     | Identified a +0 whip
 16219 | D:11     | Identified a +0 leather armour
 16690 | D:11     | Found a staircase to the Lair.
 16824 | D:12     | Identified a +0 short sword
 16824 | D:12     | Identified a +0 scale mail
 16826 | D:12     | Identified a +0 flail
 16831 | D:12     | Identified a +0 hand axe
 16858 | D:12     | Identified 2 potions of magic
 16939 | D:12     | Found Isuss's Magic Scroll Boutique.
 16946 | D:12     | Bought a scroll of identify for 22 gold pieces
 16946 | D:12     | Bought a scroll of identify for 22 gold pieces
 16946 | D:12     | Bought a scroll of identify for 22 gold pieces
 16946 | D:12     | Identified a scroll of immolation
 16947 | D:12     | Identified a potion of experience
 16948 | D:12     | Identified a scroll of enchant armour
 16954 | D:12     | Identified a +0 cloak (You found it on level 10 of the
                  | Dungeon)
 16955 | D:12     | Reached skill level 9 in Earth Magic
 16955 | D:12     | Reached XP level 13. HP: 91/91 MP: 26/26
 16970 | D:12     | Identified a +0 pair of gloves (You found it on level 12 of
                  | the Dungeon)
 17106 | D:12     | Identified a +0 short sword
 17106 | D:12     | Identified a +1 cloak
 17106 | D:12     | Noticed Maurice
 17116 | D:12     | Killed Maurice
 17116 | D:12     | Reached skill level 11 in Armour
 17299 | D:12     | Identified a scroll of fear
 17334 | D:12     | Identified a +0 war axe
 17336 | D:12     | Identified a +0 club
 17349 | D:12     | Identified a +0 dagger
 17349 | D:12     | Identified a +0 robe
 17357 | D:12     | Identified a +0 flail
 17385 | D:12     | Identified a +0 shortbow
 17387 | D:12     | Identified a +0 longbow
 17387 | D:12     | Noticed a centaur warrior
 17387 | D:12     | Identified a +0 shortbow
 17388 | D:12     | Identified a +0 shortbow
 17396 | D:12     | Killed a centaur warrior
 17396 | D:12     | Reached skill level 10 in Earth Magic
 17548 | D:12     | Identified a +0 hand axe
 17549 | D:12     | Identified a +0 dagger
 17549 | D:12     | Identified a +0 robe
 17549 | D:12     | Identified a cursed -3 whip
 17549 | D:12     | Identified a +0 leather armour
 17556 | D:12     | Identified a +0 dagger
 17556 | D:12     | Identified a +0 robe
 17559 | D:12     | Identified a cursed -3 ring of dexterity
 17704 | D:12     | Identified a +0 trident
 17721 | D:12     | Reached XP level 14. HP: 98/98 MP: 23/27
 17749 | D:12     | Identified a +0 trident
 18118 | D:13     | Identified a +0 giant club
 18118 | D:13     | Identified a +0 giant spiked club
 18143 | D:13     | Reached skill level 11 in Earth Magic
 18153 | D:13     | Reached skill level 3 in Stealth
 18290 | D:13     | Reached skill level 4 in Stealth
 18505 | D:13     | Identified a +0 shortbow
 18512 | D:13     | Reached skill level 5 in Stealth
 18545 | D:13     | Identified a +0 giant club
 18545 | D:13     | Identified a +0 giant club
 18673 | D:13     | Reached skill level 6 in Stealth
 18766 | D:13     | Reached skill level 7 in Stealth
 18878 | D:13     | Identified a potion of flight
 19037 | D:13     | Found a portal to a secret trove of treasure.
 19282 | D:13     | Identified a +2 buckler (You found it on level 13 of the
                  | Dungeon)
 19337 | D:14     | Identified a +0 trident
 19337 | D:14     | Identified a +0 club
 19337 | D:14     | Identified a +0 chain mail
 19337 | D:14     | Identified a +0 longbow
 19339 | D:14     | Identified a +0 mace of holy wrath
 19339 | D:14     | Identified a +0 broad axe
 19339 | D:14     | Identified a +0 chain mail
 19342 | D:14     | Identified a +0 leather armour
 19343 | D:14     | Identified a +4 dagger of venom
 19343 | D:14     | Identified a +0 robe
 19343 | D:14     | Identified a +0 dagger
 19343 | D:14     | Identified a +0 leather armour
 19343 | D:14     | Identified a +0 flail
 19346 | D:14     | Identified a +1 scimitar of flaming
 19357 | D:14     | Reached skill level 1 in Shields
 19359 | D:14     | Reached skill level 2 in Shields
 19361 | D:14     | Identified a +0 war axe
 19417 | D:14     | Identified a potion of ambrosia
 19426 | D:14     | Identified a +0 halberd
 19429 | D:14     | Reached skill level 8 in Stealth
 19469 | D:14     | Identified a +0 dagger
 19469 | D:14     | Identified a +0 robe
 19469 | D:14     | HP: 23/98 [wizard/stone arrow (40)]
 19470 | D:14     | Identified a +4 dagger
 19470 | D:14     | Identified a cursed +0 robe
 19472 | D:14     | Identified a cursed +0 scimitar
 19472 | D:14     | Identified a +0 robe
 19474 | D:14     | Identified a +0 mace
 19478 | D:14     | Identified a +6 war axe
 19478 | D:14     | Identified a +0 robe
 19478 | D:14     | Identified a +3 mace
 19478 | D:14     | Identified a +0 robe
 19585 | D:14     | Reached skill level 3 in Shields
 19650 | D:14     | Reached skill level 9 in Stealth
 19732 | D:14     | Identified a +2 eveningstar of flaming
 19732 | D:14     | Identified a +2 plate armour of cold resistance
 19732 | D:14     | Identified a +2 large shield of poison resistance
 19732 | D:14     | Noticed Louise
 19765 | D:14     | Identified a +0 robe
 19803 | D:14     | Identified the Incunabulum of Ghastly Poisoning
 19822 | D:14     | Identified a potion of resistance
 19830 | D:14     | Learned a level 3 spell: Spectral Weapon
 20003 | D:14     | Reached skill level 1 in Hexes
 20019 | D:14     | Found a gate to the Vaults.
 20052 | D:14     | Identified a +0 long sword
 20292 | D:14     | Identified a ring of wizardry (You found it on level 14 of
                  | the Dungeon)
 20315 | D:14     | Got a jewelled dagger
 20339 | D:14     | Reached skill level 2 in Hexes
 20452 | D:14     | Identified a +0 great sword
 20452 | D:14     | Identified a +0 ring mail
 20452 | D:14     | Identified a +1 battleaxe
 20452 | D:14     | Identified a +0 ring mail
 20471 | D:14     | Reached skill level 10 in Stealth
 20471 | D:14     | Reached skill level 3 in Hexes
 20474 | D:14     | Reached skill level 4 in Hexes
 20610 | D:14     | Reached skill level 1 in Charms
 20616 | D:14     | Reached skill level 2 in Charms
 20667 | D:14     | Reached skill level 3 in Charms
 20794 | D:14     | Reached skill level 4 in Charms
 20854 | D:14     | Identified a +0 broad axe
 20854 | D:14     | Identified a +0 robe
 20984 | D:14     | Identified a +0 hand axe
 20984 | D:14     | Identified a +0 robe
 20985 | D:14     | Identified a +0 hand axe
 20985 | D:14     | Identified a +0 robe
 21065 | D:15     | Entered Level 15 of the Dungeon
 21093 | D:15     | Identified a +0 battleaxe
 21093 | D:15     | Identified a +0 leather armour
 21100 | D:15     | Identified a +0 shortbow
 21101 | D:15     | Identified a +0 buckler (You took it off a tengu conjurer
                  | on level 15 of the Dungeon)
 21164 | D:15     | Found a frozen archway.
 21233 | D:15     | Reached XP level 15. HP: 36/103 MP: 18/28
 21478 | D:15     | Identified a +3 scimitar of flaming
 21518 | IceCv    | Entered an ice cave
 21668 | IceCv    | Reached skill level 10 in Spellcasting
 21749 | IceCv    | Identified a scroll of torment
 21764 | IceCv    | Identified a scroll of acquirement
 21766 | IceCv    | Got an ancient demon trident
 22510 | IceCv    | Identified the +7 demon trident of Rygrad {flame, rElec
                  | Str-5 Int-3 SInv} (You acquired it in an ice cave)
 22604 | D:15     | Identified a +0 long sword
 22604 | D:15     | Identified a +0 shortbow
 22748 | D:15     | Identified a +0 dagger
 22748 | D:15     | Identified a +0 robe
 22751 | D:15     | Identified a +0 hand axe
 22751 | D:15     | Identified a +0 glaive
 22751 | D:15     | Identified a +0 plate armour
 22796 | D:15     | Identified a +0 broad axe
 22939 | D:15     | Noticed Roxanne
 22945 | D:15     | Killed Roxanne
 22945 | D:15     | Reached skill level 11 in Spellcasting
 23138 | D:15     | Identified a +0 longbow
 23403 | D:15     | Identified a +0 arbalest
 23419 | D:15     | Reached skill level 1 in Translocations
 23502 | D:15     | Found a staircase to the Depths.
 23502 | D:15     | Identified a +2 battleaxe of freezing
 23502 | D:15     | Noticed a frost giant
 23506 | D:15     | Killed a frost giant
 23506 | D:15     | Reached skill level 2 in Translocations
 23661 | D:11     | Bought a +2 pair of boots of running for 664 gold pieces
 23906 | Orc:1    | Entered Level 1 of the Orcish Mines
 23906 | Orc:1    | Identified a +0 hand axe
 23906 | Orc:1    | Identified a +0 ring mail
 23906 | Orc:1    | Identified a +0 dagger
 23906 | Orc:1    | Identified a +0 robe
 23906 | Orc:1    | Identified a +0 trident
 23906 | Orc:1    | Identified a +0 hand axe
 23906 | Orc:1    | Identified a +0 hand axe
 23906 | Orc:1    | Identified a +0 dagger
 23906 | Orc:1    | Identified a +0 robe
 23906 | Orc:1    | Identified a +0 dagger
 23906 | Orc:1    | Identified a +0 robe
 23907 | Orc:1    | Identified a +0 dire flail
 23907 | Orc:1    | Identified a +0 chain mail
 24007 | Orc:1    | Found Vouptiq's Jewellery Shoppe.
 24037 | Orc:1    | Identified a +0 dagger
 24037 | Orc:1    | Identified a +0 robe
 24037 | Orc:1    | Identified a +0 mace
 24037 | Orc:1    | Identified a +0 plate armour
 24038 | Orc:1    | Identified a +0 club
 24038 | Orc:1    | Identified a +0 leather armour
 24042 | Orc:1    | Identified a +0 leather armour
 24044 | Orc:1    | Reached skill level 3 in Translocations
 24133 | Orc:1    | You fall through a shaft!
 24133 | Orc:2    | Entered Level 2 of the Orcish Mines
 24133 | Orc:2    | Found Hattotra's Book Shoppe.
 24134 | Orc:2    | Identified a +0 scimitar
 24134 | Orc:2    | Identified a +0 chain mail
 24134 | Orc:2    | Identified a +0 dagger
 24134 | Orc:2    | Identified a +0 robe
 24134 | Orc:2    | Identified a +0 hand axe
 24134 | Orc:2    | Identified a +0 plate armour
 24134 | Orc:2    | Identified a +0 dagger of draining
 24134 | Orc:2    | Identified a +0 dagger
 24134 | Orc:2    | Identified a +0 robe
 24134 | Orc:2    | Identified a cursed -3 whip
 24134 | Orc:2    | Identified a +0 hand axe
 24134 | Orc:2    | Identified a +0 dagger
 24134 | Orc:2    | Identified a +0 leather armour
 24134 | Orc:2    | Identified a +0 hand axe
 24134 | Orc:2    | Identified a +0 trident
 24134 | Orc:2    | Identified a +0 falchion
 24134 | Orc:2    | Identified a +0 leather armour
 24134 | Orc:2    | Identified a +3 dagger of electrocution
 24134 | Orc:2    | Identified a +0 robe
 24134 | Orc:2    | Identified a +0 club
 24134 | Orc:2    | Identified a +0 hand axe
 24134 | Orc:2    | Identified a +0 ring mail
 24135 | Orc:2    | Identified a +0 glaive
 24135 | Orc:2    | Identified a +0 chain mail
 24135 | Orc:2    | Identified a +0 dagger
 24135 | Orc:2    | Identified a +0 robe
 24135 | Orc:2    | Identified a +0 trident
 24136 | Orc:2    | Identified a +0 hand axe
 24139 | Orc:2    | Identified a +0 dagger
 24140 | Orc:2    | Identified a +0 short sword
 24140 | Orc:2    | Identified a +0 battleaxe
 24141 | Orc:2    | Identified a +0 dagger
 24141 | Orc:2    | Identified a +0 chain mail
 24141 | Orc:2    | Identified a +0 mace
 24141 | Orc:2    | Identified a +0 ring mail
 24142 | Orc:2    | Identified a +0 trident
 24142 | Orc:2    | Identified a +0 plate armour
 24146 | Orc:2    | Reached skill level 4 in Translocations
 24146 | Orc:2    | Identified a +0 club
 24146 | Orc:2    | Identified a +0 chain mail
 24146 | Orc:2    | Identified a +0 hand axe
 24146 | Orc:2    | Identified a +0 scale mail
 24148 | Orc:2    | Identified a +0 hand axe
 24149 | Orc:2    | Identified a +0 dagger
 24149 | Orc:2    | Identified a +0 robe
 24152 | Orc:2    | Identified a +0 flail
 24154 | Orc:2    | Identified a +0 chain mail
 24155 | Orc:2    | Identified a +1 dagger of draining
 24155 | Orc:2    | Identified a +0 robe
 24155 | Orc:2    | Identified a +0 hand axe
 24155 | Orc:2    | Identified a +0 leather armour
 24157 | Orc:2    | Identified a +0 long sword
 24157 | Orc:2    | Identified a +0 chain mail
 24159 | Orc:2    | Found Hyn Ufy's General Store.
 24159 | Orc:2    | Identified a +0 war axe of flaming
 24159 | Orc:2    | Identified a cursed -2 club
 24159 | Orc:2    | Identified a +0 leather armour
 24159 | Orc:2    | Identified a +0 short sword
 24162 | Orc:2    | Identified a +0 dagger
 24164 | Orc:2    | Reached skill level 5 in Translocations
 24165 | Orc:2    | Found Ethrec's Food Emporium.
 24167 | Orc:2    | Identified a +0 dagger
 24167 | Orc:2    | Identified a +0 robe
 24170 | Orc:2    | Identified a +0 dagger
 24170 | Orc:2    | Identified a +0 robe
 24172 | Orc:2    | Identified a +0 dagger
 24172 | Orc:2    | Identified a +0 robe
 24176 | Orc:2    | Identified a +0 halberd
 24176 | Orc:2    | Identified a +0 plate armour
 24178 | Orc:2    | Identified a +0 club
 24178 | Orc:2    | Identified a +0 chain mail
 24178 | Orc:2    | Identified a +0 dagger
 24178 | Orc:2    | Identified a +0 robe
 24298 | Orc:2    | Found Ogibrud's Armour Emporium.
 24328 | Orc:2    | Bought a ration for 70 gold pieces
 24328 | Orc:2    | Bought a ration for 70 gold pieces
 24328 | Orc:2    | Bought a ration for 70 gold pieces
 24335 | Orc:2    | Bought a book of Maledictions for 325 gold pieces
 24339 | Orc:2    | Learned a level 3 spell: Confuse
 24343 | Orc:2    | Learned a level 3 spell: Tukima's Dance
 24346 | Orc:2    | Learned a level 2 spell: Ensorcelled Hibernation
 24379 | Orc:2    | Identified a +0 scale mail
 24380 | Orc:2    | Identified a +0 trident
 24380 | Orc:2    | Identified a +0 chain mail
 24382 | Orc:2    | Identified a +0 whip
 24382 | Orc:2    | Identified a +0 leather armour
 24520 | Orc:2    | Identified a +0 flail
 24520 | Orc:2    | Identified a +0 chain mail
 24523 | Orc:2    | Identified a +0 flail
 24526 | Orc:2    | Identified a +0 dagger
 24526 | Orc:2    | Identified a cursed +0 chain mail
 24614 | Orc:2    | Identified a +0 club
 24614 | Orc:2    | Identified a +2 scale mail of cold resistance
 24617 | Orc:2    | Identified a +0 club
 24619 | Orc:2    | Identified a +0 flail
 24621 | Orc:2    | Found a roughly hewn altar of Beogh.
 24623 | Orc:2    | Identified a +0 mace
 24623 | Orc:2    | Identified a +0 dire flail
 24623 | Orc:2    | Identified a +0 plate armour
 24630 | Orc:2    | Identified a +0 whip
 24712 | Orc:2    | Identified a +0 hand axe
 24712 | Orc:2    | Identified a +0 ring mail
 24712 | Orc:2    | Identified a +0 trident
 24712 | Orc:2    | Identified a +0 chain mail
 24714 | Orc:2    | Identified a +0 trident
 24714 | Orc:2    | Identified a +0 plate armour
 24725 | Orc:2    | Identified a +0 dagger
 24725 | Orc:2    | Identified a +0 robe
 24843 | Orc:2    | Identified a +0 dire flail
 24843 | Orc:2    | Identified a +0 plate armour
 24843 | Orc:2    | Identified a +0 dagger
 24843 | Orc:2    | Identified a +0 robe
 24844 | Orc:2    | Identified a +0 falchion
 24844 | Orc:2    | Identified a +0 leather armour
 24913 | Orc:2    | Identified a +0 dagger
 24913 | Orc:2    | Identified a +0 robe
 24913 | Orc:2    | Identified a +0 dagger
 24913 | Orc:2    | Identified a +0 robe
 24913 | Orc:2    | Identified a +0 whip
 24949 | Orc:2    | Found a staircase to the Elven Halls.
 24949 | Orc:2    | Identified a +0 dagger
 24949 | Orc:2    | Identified a +0 robe
 24950 | Orc:2    | Identified a +0 club
 24950 | Orc:2    | Identified a +0 leather armour
 24952 | Orc:2    | Identified a +0 battleaxe
 24952 | Orc:2    | Identified a +0 chain mail
 24959 | Orc:2    | Reached skill level 6 in Translocations
 25021 | Orc:2    | Identified a +0 giant spiked club
 25316 | Orc:1    | Identified a +0 mace
 25316 | Orc:1    | Identified a +0 chain mail
 25316 | Orc:1    | Identified a +0 mace
 25316 | Orc:1    | Identified a +0 flail
 25316 | Orc:1    | Identified a +0 leather armour
 25316 | Orc:1    | Identified a +0 flail
 25316 | Orc:1    | Identified a +0 chain mail
 25316 | Orc:1    | Identified a +0 short sword
 25316 | Orc:1    | Identified a +0 leather armour
 25316 | Orc:1    | Identified a +0 trident
 25316 | Orc:1    | Identified a +0 scale mail
 25316 | Orc:1    | Identified a +0 flail
 25316 | Orc:1    | Identified a +0 dagger
 25316 | Orc:1    | Identified a +0 robe
 25316 | Orc:1    | Identified a +3 mace of holy wrath
 25316 | Orc:1    | Identified a +0 club
 25316 | Orc:1    | Identified a +0 ring mail
 25316 | Orc:1    | Identified a cursed -1 club
 25316 | Orc:1    | Identified a +0 club
 25316 | Orc:1    | Identified a +0 ring mail
 25317 | Orc:1    | Identified a +0 dagger
 25317 | Orc:1    | Identified a +0 robe
 25317 | Orc:1    | Identified a +0 trident
 25317 | Orc:1    | Identified a +0 plate armour
 25318 | Orc:1    | Identified a +0 club
 25318 | Orc:1    | Identified a +0 leather armour
 25321 | Orc:1    | Identified a +0 mace
 26055 | D:14     | Reached skill level 5 in Hexes
 26304 | D:12     | Bought a scroll of amnesia for 38 gold pieces
 26312 | D:12     | Learned a level 5 spell: Bolt of Magma
 26361 | D:10     | Bought a scroll of amnesia for 45 gold pieces
 26460 | D:6      | Bought a +0 cloak of poison resistance for 93 gold pieces
 26614 | Lair:1   | Entered Level 1 of the Lair of Beasts
 26775 | Lair:1   | You fall through a shaft!
 27014 | Lair:2   | Reached skill level 6 in Hexes
 27156 | Lair:2   | Identified a +0 dagger
 27156 | Lair:2   | Identified a +0 robe
 27156 | Lair:2   | Noticed Nergalle
 27161 | Lair:2   | Identified a +0 long sword
 27161 | Lair:2   | Identified a +0 chain mail
 27161 | Lair:2   | Identified a +0 trident
 27161 | Lair:2   | Identified a +0 chain mail
 27161 | Lair:2   | Identified a +0 club
 27173 | Lair:2   | Identified a +0 war axe
 27173 | Lair:2   | Killed Nergalle
 27380 | Lair:2   | Reached skill level 7 in Hexes
 27491 | Lair:2   | Identified a scroll of random uselessness
 27522 | Lair:2   | Found a hole to the Spider Nest.
 28460 | Lair:3   | Got a transparent hunting sling
 28581 | Lair:3   | Reached skill level 8 in Hexes
 29058 | Lair:3   | Reached XP level 16. HP: 108/109 MP: 31/31
 29648 | Lair:4   | Identified a +1 ring mail of cold resistance (You found it
                  | on level 4 of the Lair of Beasts)
 29756 | Lair:4   | Found a staircase to the Shoals.
 29765 | Lair:4   | Reached skill level 9 in Hexes
 30304 | Lair:5   | Reached skill level 13 in Polearms
 30401 | Lair:5   | Found a staircase to the Slime Pits.
 31184 | Lair:6   | Entered Level 6 of the Lair of Beasts
 31246 | Lair:6   | Identified a +1 great mace
 31246 | Lair:6   | Identified a +0 ring mail
 31246 | Lair:6   | Noticed Urug
 31264 | Lair:6   | Killed Urug
 31264 | Lair:6   | Reached skill level 10 in Hexes
 31945 | Lair:6   | HP: 16/109 [death yak (18)]
 32376 | Lair:6   | Reached skill level 11 in Hexes
 33366 | Lair:6   | Reached skill level 14 in Polearms
 33528 | Lair:6   | Found a large runed translucent door.
 33534 | Lair:6   | Identified a +1 flail of protection
 33571 | Lair:6   | Identified a +0 mace
 33763 | Lair:6   | Found a large runed translucent door.
 33977 | Spider:1 | Entered Level 1 of the Spider Nest
 34082 | Spider:1 | Identified a potion of lignification
 34094 | Spider:1 | Reached skill level 12 in Hexes
 34103 | Spider:1 | Learned a level 6 spell: Invisibility
 34234 | Spider:1 | Identified a ring of flight (You found it on level 1 of the
                  | Spider Nest)
 34247 | Spider:1 | Got a translucent plate armour
 34269 | Spider:1 | Found a runed translucent door.
 34269 | Spider:1 | Noticed Voyli's ghost (journeyman DDFi)
 34529 | Spider:1 | Identified a +0 war axe
 34529 | Spider:1 | Identified a +0 robe
 34529 | Spider:1 | Identified a +1 hand axe of draining
 34529 | Spider:1 | Identified a +0 robe
 34531 | Spider:1 | Identified a +0 hand axe
 34531 | Spider:1 | Identified a +0 leather armour
 34536 | Spider:1 | Reached XP level 17. HP: 84/115 MP: 12/32
 34695 | Spider:1 | Identified a +0 robe
 34695 | Spider:1 | Noticed Jorgrun
 34744 | Spider:1 | Identified an amulet of rage (You found it on level 6 of
                  | the Lair of Beasts)
 34779 | Spider:1 | Identified a +0 broad axe of draining
 34779 | Spider:1 | Identified an uncursed ring of protection from cold
 34779 | Spider:1 | Noticed an entropy weaver
 34793 | Spider:1 | HP: 26/115 [entropy weaver/+0 broad axe of draining (7)]
 34794 | Spider:1 | HP: 10/115 [entropy weaver/+0 broad axe of draining (11)]
 34794 | Spider:1 | HP: 4/115 [entropy weaver/+0 broad axe of draining (4)]
 34822 | Spider:1 | Killed an entropy weaver
 35281 | Spider:1 | Identified the +5 plate armour of the Insatiable Dances
                  | {+Blink rElec rPois rC-} (You found it on level 1 of the
                  | Spider Nest)
 36369 | Spider:2 | Reached skill level 13 in Hexes
 36633 | Spider:2 | Reached skill level 15 in Polearms
 36849 | Spider:2 | Identified a scroll of summoning
 36908 | Spider:2 | Reached skill level 6 in Fighting
 37143 | Spider:2 | Noticed an entropy weaver
 37158 | Spider:2 | Killed an entropy weaver
 37325 | Spider:2 | Identified a ring of attention (You found it on level 2 of
                  | the Spider Nest)
 37575 | Spider:3 | Noticed an entropy weaver
 37585 | Spider:3 | Killed an entropy weaver
 37616 | Spider:3 | Reached skill level 7 in Fighting
 37857 | Spider:3 | Noticed Arachne
 37896 | Spider:3 | Killed Arachne
 38342 | Spider:3 | Reached skill level 8 in Fighting
 38343 | Spider:3 | Reached skill level 12 in Spellcasting
 38915 | Spider:4 | Entered Level 4 of the Spider Nest
 38953 | Spider:4 | Reached skill level 9 in Fighting
 39124 | Spider:4 | Noticed an entropy weaver
 39149 | Spider:4 | Killed an entropy weaver
 39336 | Spider:4 | Reached XP level 18. HP: 132/132 MP: 26/34
 39376 | Spider:4 | Got a steaming longbow
 39559 | Spider:4 | Noticed an entropy weaver
 39562 | Spider:4 | Noticed an entropy weaver
 39781 | Spider:4 | Killed an entropy weaver
 39781 | Spider:4 | Reached skill level 10 in Fighting
 39857 | Spider:4 | Reached skill level 13 in Spellcasting
 40485 | Spider:4 | Killed an entropy weaver
 40661 | Spider:4 | HP: 34/136 [poisoned by an emperor scorpion]
 40666 | Spider:4 | HP: 31/136 [poisoned by an emperor scorpion]
 40671 | Spider:4 | HP: 29/136 [poisoned by an emperor scorpion]
 40678 | Spider:4 | HP: 29/136 [poisoned by an emperor scorpion]
 40685 | Spider:4 | HP: 29/136 [poisoned by an emperor scorpion]
 40693 | Spider:4 | HP: 29/136 [poisoned by an emperor scorpion]
 41281 | Spider:4 | Reached skill level 11 in Fighting
 41386 | Spider:4 | Got a gossamer rune of Zot
 41795 | Lair:6   | Bought the +8 lance "Wyrmbane" {slay drac, rPois rF+ rC+
                  | AC+3} for 2262 gold pieces
 41795 | Lair:6   | Found the +8 lance "Wyrmbane" {slay drac, rPois rF+ rC+
                  | AC+3}
 42132 | D:14     | Killed Louise
 42314 | Depths:1 | Entered Level 1 of the Depths
 42326 | Depths:1 | Identified an amulet of reflection (You found it on level 1
                  | of the Depths)
 42336 | Depths:1 | Identified a +1 broad axe
 42336 | Depths:1 | Identified a cursed -3 longbow
 42336 | Depths:1 | Identified a +0 leather armour
 42336 | Depths:1 | Identified a +0 great mace
 42336 | Depths:1 | Identified a +0 leather armour
 42366 | Depths:1 | Identified a +0 halberd
 42366 | Depths:1 | Identified a +0 ring mail
 42465 | Depths:1 | Identified a +0 great sword of flaming
 42511 | Depths:1 | Identified a +0 robe
 42524 | Depths:1 | Reached skill level 14 in Spellcasting
 42538 | Depths:1 | Identified a +1 battleaxe of freezing
 42682 | Depths:1 | Identified a +2 arbalest of freezing
 42683 | Depths:1 | Identified a +0 arbalest
 42683 | Depths:1 | Identified a cursed -3 arbalest
 42684 | Depths:1 | Identified a +0 battleaxe of freezing
 42693 | Depths:1 | Reached skill level 12 in Fighting
 42694 | Depths:1 | Identified a +0 arbalest
 42701 | Depths:1 | Identified a +0 spear
 43116 | Depths:1 | Identified a +0 glaive
 43137 | Depths:1 | Identified a +0 quarterstaff
 43137 | Depths:1 | Identified a +0 robe
 43252 | Depths:1 | Identified a +2 great sword of flaming
 43272 | Depths:1 | Reached skill level 4 in Shields
 43291 | Depths:1 | Reached skill level 5 in Shields
 43583 | Depths:1 | Reached skill level 6 in Shields
 43725 | Depths:1 | Identified a +0 arbalest
 43726 | Depths:1 | Identified a +0 arbalest
 43734 | Depths:1 | Identified a +0 glaive
 43734 | Depths:1 | Identified a +0 arbalest
 43736 | Depths:1 | Identified a +0 arbalest
 43741 | Depths:1 | Identified a +0 arbalest
 43755 | Depths:1 | Reached XP level 19. HP: 116/146 MP: 28/37
 43876 | Depths:1 | Identified a +0 arbalest
 44124 | Depths:1 | Found a gateway to Hell.
 44128 | Depths:1 | Reached skill level 7 in Shields
 44182 | Depths:1 | Identified the +0 cloak of Fun {*Drain Str+2 Int+5 Dex+2
                  | SInv} (You acquired it on level 1 of the Depths)
 44547 | Elf:1    | Entered Level 1 of the Elven Halls
 44549 | Elf:1    | Identified a +0 long sword of holy wrath
 44549 | Elf:1    | Identified a +0 rapier
 44551 | Elf:1    | Identified a +0 dagger
 44609 | Elf:1    | Identified a +0 short sword
 44618 | Elf:1    | Identified a +0 long sword
 44618 | Elf:1    | Identified a +0 chain mail
 44658 | Elf:1    | Identified a +0 short sword
 44658 | Elf:1    | Identified a +0 leather armour
 44659 | Elf:1    | Reached skill level 8 in Shields
 44662 | Elf:1    | Identified a +2 dagger of venom
 44663 | Elf:1    | Identified a +0 long sword
 44665 | Elf:1    | Identified a +0 long sword
 44665 | Elf:1    | Identified a +0 leather armour
 44670 | Elf:1    | Identified a +0 dagger
 44670 | Elf:1    | Identified a +0 shortbow
 44670 | Elf:1    | Identified a +0 leather armour
 44672 | Elf:1    | Identified a +0 rapier
 44672 | Elf:1    | Identified a +0 dagger
 44673 | Elf:1    | Identified a +0 long sword
 44673 | Elf:1    | Identified a +0 longbow
 44674 | Elf:1    | Identified a +0 short sword
 44674 | Elf:1    | Identified a +0 scale mail
 44677 | Elf:1    | Identified a +0 long sword
 44678 | Elf:1    | Identified a +0 rapier
 44678 | Elf:1    | Identified a cursed +0 chain mail
 44685 | Elf:1    | Identified a +0 dagger
 44687 | Elf:1    | Reached skill level 9 in Shields
 44704 | Elf:1    | Identified a +0 long sword
 45078 | Elf:1    | Found Kyepp's Armour Shop.
 45086 | Elf:1    | Bought a scarf of repulsion for 180 gold pieces
 45191 | Elf:1    | Identified a scroll of vulnerability
 45200 | Elf:1    | Identified a +0 long sword
 45200 | Elf:1    | Identified a +0 short sword
 45200 | Elf:1    | Identified a +0 ring mail
 45200 | Elf:1    | Identified a +0 short sword
 45200 | Elf:1    | Identified a +0 rapier
 45201 | Elf:1    | Identified a +0 long sword
 45203 | Elf:1    | Identified a +0 dagger
 45206 | Elf:1    | Identified a +1 halberd of venom
 45207 | Elf:1    | Identified a +0 long sword
 45208 | Elf:1    | Identified a +1 long sword of protection
 45223 | Elf:1    | Reached skill level 10 in Shields
 45250 | Elf:1    | Identified a +3 glaive of protection
 45289 | Elf:1    | Identified a +0 long sword
 45289 | Elf:1    | Identified a +0 scale mail
 45289 | Elf:1    | Noticed a deep elf sorcerer
 45294 | Elf:1    | Killed a deep elf sorcerer
 45462 | Elf:1    | Identified a +2 dire flail of holy wrath
 45500 | Elf:1    | Identified the Compendium of Confrontation and Summoning
 45522 | Elf:1    | Identified a +0 long sword
 45522 | Elf:1    | Identified a +0 ring mail
 45592 | Elf:1    | Identified a +0 dagger
 45600 | Elf:1    | Identified a +0 short sword
 45600 | Elf:1    | Identified a +0 leather armour
 45622 | Elf:1    | Identified a +0 scimitar
 45622 | Elf:1    | Identified a +1 shortbow of freezing
 45639 | Elf:1    | Identified a +2 scimitar of slicing
 45957 | Elf:1    | Found Guchial's Magic Scroll Shoppe.
 45961 | Elf:1    | Found Kotyq's Gadget Boutique.
 45963 | Elf:1    | Bought a scroll of enchant weapon for 82 gold pieces
 45972 | Elf:1    | Identified a +0 short sword
 45993 | Elf:1    | Identified a +0 dagger
 45993 | Elf:1    | Identified a +0 longbow
 45993 | Elf:1    | Identified a +0 leather armour
 45994 | Elf:1    | Identified a +0 scimitar
 45994 | Elf:1    | Identified a +0 rapier
 45998 | Elf:1    | Identified a +0 long sword
 46011 | Elf:1    | Reached skill level 11 in Shields
 46014 | Elf:1    | Identified a +0 long sword
 46014 | Elf:1    | Identified a +0 leather armour
 46020 | Elf:1    | Found Caliob's General Store.
 46244 | Elf:1    | Identified a +0 antimagic battleaxe
 46281 | Elf:1    | Identified a +0 dagger
 46286 | Elf:1    | Identified a +2 morningstar of freezing
 46286 | Elf:1    | Identified a +0 ring mail
 46286 | Elf:1    | Identified a +0 shield
 46286 | Elf:1    | Noticed Asterion
 46298 | Elf:1    | Killed Asterion
 46579 | Elf:1    | Identified a +3 rapier
 46579 | Elf:1    | Identified a +0 scale mail
 46580 | Elf:1    | Identified a +0 long sword
 46580 | Elf:1    | Identified a +0 rapier
 46582 | Elf:1    | Identified a +0 dagger
 46582 | Elf:1    | Identified a +0 longbow
 46582 | Elf:1    | Identified a +0 leather armour
 46592 | Elf:1    | Reached skill level 12 in Shields
 46656 | Elf:1    | Identified a +0 short sword of freezing
 46743 | Elf:1    | Identified a +0 scimitar
 46743 | Elf:1    | Identified a +0 ring mail
 46811 | Elf:1    | Identified a scroll of brand weapon
 46856 | Elf:1    | Identified a +0 rapier
 46856 | Elf:1    | Identified a +0 short sword
 46857 | Elf:1    | Identified a +1 short sword of holy wrath
 46857 | Elf:1    | Identified a +0 shortbow
 46857 | Elf:1    | Identified a +0 leather armour
 46859 | Elf:1    | Identified a +0 short sword
 46859 | Elf:1    | Identified a +0 longbow
 46859 | Elf:1    | Identified a +0 leather armour
 46859 | Elf:1    | Identified a +0 short sword
 46859 | Elf:1    | Identified a +0 shortbow
 46859 | Elf:1    | Identified a +0 leather armour
 47108 | Elf:2    | Identified a +0 long sword
 47108 | Elf:2    | Identified a +0 scale mail
 47108 | Elf:2    | Identified a +0 long sword
 47126 | Elf:2    | Identified a +1 long sword of holy wrath
 47126 | Elf:2    | Identified a +0 leather armour
 47131 | Elf:2    | Identified a +0 trident
 47141 | Elf:2    | Identified a +0 long sword
 47198 | Elf:2    | Identified a +5 dagger
 47200 | Elf:2    | Identified a +8 dagger
 47217 | Elf:2    | Found a runed translucent gate.
 47217 | Elf:2    | Found a runed translucent gate.
 47217 | Elf:2    | Found a runed translucent gate.
 47251 | Elf:2    | Identified a +1 rapier of draining
 47253 | Elf:2    | Identified a +0 short sword
 47253 | Elf:2    | Noticed a deep elf sorcerer
 47257 | Elf:2    | Cast into level 3 of the Abyss (a deep elf sorcerer)
 47421 | Abyss:3  | Reached skill level 13 in Shields
 47431 | Abyss:3  | Found a radiant altar of Vehumet.
 47451 | Abyss:3  | Identified a +2 antimagic scythe
 47629 | Abyss:3  | HP: 34/146 [small abomination (17)]
 47632 | Abyss:3  | HP: 16/146 [small abomination (6)]
 47639 | Abyss:3  | HP: 29/146 [starcursed mass/accursed screaming (7)]
 47648 | Abyss:3  | HP: 24/146 [starcursed mass/accursed screaming (8)]
 47659 | Abyss:3  | HP: 21/146 [starcursed mass/accursed screaming (6)]
 47663 | Abyss:3  | HP: 7/146 [starcursed mass/accursed screaming (9)]
 47676 | Abyss:3  | HP: 31/146 [starcursed mass/accursed screaming (5)]
 47732 | Abyss:3  | HP: 21/146 [wretched star/orb of energy (22)]
 47735 | Abyss:3  | HP: 9/146 [wretched star/orb of energy (13)]
 47735 | Abyss:3  | HP: 1/146 [wretched star (8)]
 47761 | Abyss:3  | Found a corrupted altar of Lugonu.
 47819 | Abyss:3  | HP: 33/146 [??? (30)]
 47836 | Abyss:3  | HP: 32/146 [Executioner (13)]
 47837 | Abyss:3  | HP: 15/146 [Executioner (17)]
 47838 | Abyss:3  | HP: 2/146 [Executioner (7)]
 48053 | Abyss:3  | Gained mutation: You are weak. (Str -2) [mutagenic glow]
 48101 | Abyss:3  | Identified a +1 whip of holy wrath
 48101 | Abyss:3  | Identified a +0 robe
 48149 | Abyss:3  | HP: 33/146 [raiju (4)]
 48154 | Abyss:3  | HP: 20/146 [raiju (2)]
 48157 | Abyss:3  | Killed from afar by a raiju

Table legend:
 A = Turns spent in this place as a percentage of turns spent in the entire game.
 B = Non-inter-level travel turns spent in this place as a percentage of non-inter-level travel turns spent in the entire game.
 C = Inter-level travel turns spent in this place as a percentage of turns spent in this place.
 D = Turns resting spent in this place as a percentage of non-inter-level travel turns spent in this place.
 E = Turns spent auto-exploring this place as a percentage of non-inter-level travel turns spent in this place.
 F = Non-inter-level travel turns spent in this place divided by the number of levels of this place that you've seen.
                   A       B       C       D       E      F
               +-------+-------+-------+-------+-------+----------------------
         Total | 100.0 | 100.0 |   6.7 |  16.0 |  59.9 | 1283.9
       Dungeon |  48.7 |  47.2 |   9.4 |  13.2 |  63.7 | 1415.2
        Temple |   0.0 |   0.0 |   0.0 |   0.0 |   0.0 |   2.0
          Lair |  16.0 |  15.8 |   7.6 |  10.5 |  66.1 | 1185.0
   Spider Nest |  16.0 |  16.6 |   3.0 |  23.3 |  54.6 | 1867.8
  Orcish Mines |   4.1 |   4.0 |   7.7 |   0.0 |  84.6 | 903.0
   Elven Halls |   5.6 |   6.0 |   0.6 |  17.6 |  65.2 | 1347.0
        Depths |   4.1 |   4.3 |   1.5 |  25.7 |  46.7 | 1930.0
         Abyss |   1.9 |   2.0 |   0.0 |  29.0 |   0.0 | 900.0
         Sewer |   0.7 |   0.7 |   0.0 |   9.1 |  25.1 | 319.0
        Bailey |   0.9 |   1.0 |   0.0 |   0.0 |  51.9 | 455.0
      Ice Cave |   2.1 |   2.3 |   0.0 |  62.6 |  11.0 | 1022.0
               +-------+-------+-------+-------+-------+----------------------

Table legend:
 A = Kills in this place as a percentage of kills in entire the game.
 B = Kills by you in this place as a percentage of kills by you in the entire game.
 C = Kills by friends in this place as a percentage of kills by friends in the entire game.
 D = Other kills in this place as a percentage of other kills in the entire game.
 E = Experience gained in this place as a percentage of experience gained in the entire game.
 F = Experience gained in this place divided by the number of levels of this place that you have seen.
                   A       B       C       D       E      F
               +-------+-------+-------+-------+-------+----------------------
         Total | 100.0 | 100.0 | 100.0 | 100.0 | 100.0 | 8832.8
       Dungeon |  36.6 |  36.8 | 100.0 |  13.3 |  20.9 | 4316.3
          Lair |  16.3 |  16.5 |   0.0 |   0.0 |  16.4 | 8455.5
   Spider Nest |  20.6 |  20.5 |   0.0 |  26.7 |  30.1 | 23226.8
  Orcish Mines |   9.6 |   9.7 |   0.0 |   0.0 |   3.2 | 5006.5
   Elven Halls |   6.0 |   5.4 |   0.0 |  53.3 |  14.4 | 22266.0
        Depths |   3.4 |   3.4 |   0.0 |   6.7 |   9.3 | 28806.0
         Abyss |   3.0 |   3.1 |   0.0 |   0.0 |   4.3 | 13283.0
         Sewer |   0.5 |   0.5 |   0.0 |   0.0 |   0.0 | 140.0
        Bailey |   3.0 |   3.1 |   0.0 |   0.0 |   0.3 | 845.0
      Ice Cave |   1.0 |   1.0 |   0.0 |   0.0 |   1.0 | 3145.0
               +-------+-------+-------+-------+-------+----------------------

Skill      XL: |  1  2  3  4  5  6  7  8  9 10 11 12 13 14 15 16 17 18 19 |
---------------+----------------------------------------------------------+-----
Poison Magic   | 5 6 7 8 9 10 | 10.1
Polearms       | 1 3 4 8 11 12 14 15 | 15.0
Spellcasting   | 3 4 5 7 9 11 12 14 | 14.0
Fighting       | 5 9 12 | 12.2
Armour         | 5 8 10 11 | 11.0
Dodging        | 3 |  3.6
Earth Magic    | 9 10 11 | 11.1
Stealth        | 10 | 10.1
Shields        | 3 6 13 | 13.8
Hexes          | 4 8 12 13 | 13.0
Charms         | 4 |  4.0
Translocations | 6 |  6.0
Conjurations   | |  0.8

Action                   |  1- 3 |  4- 6 |  7- 9 | 10-12 | 13-15 | 16-18 | 19-21 || total
-------------------------+-------+-------+-------+-------+-------+-------+-------++-------
Melee: Unarmed           |    17 |       |       |       |       |       |       ||    17
       Short sword       |    25 |       |       |       |       |       |       ||    25
       Spear             |    26 |    84 |     4 |       |       |       |       ||   114
       Glaive            |       |       |   196 |   478 |       |       |       ||   674
       Trident           |       |       |     7 |       |       |       |       ||     7
       Halberd           |       |       |       |   213 |   727 |  1006 |   295 ||  2241
Throw: Javelin           |       |     2 |     7 |     7 |    23 |     1 |       ||    40
 Cast: Sting             |    42 |    35 |    25 |       |       |       |       ||   102
       Poisonous Vapours |       |     5 |    42 |   108 |    87 |       |       ||   242
       Mephitic Cloud    |       |     5 |     5 |    15 |     8 |       |       ||    33
       Olgreb's Toxic Ra |       |       |     1 |    22 |    74 |   200 |    33 ||   330
       Lee's Rapid Decon |       |       |       |       |    28 |     6 |       ||    34
       Spectral Weapon   |       |       |       |       |     6 |    37 |    24 ||    67
       Confuse           |       |       |       |       |     6 |    50 |       ||    56
       Passage of Golubr |       |       |       |       |     2 |     2 |       ||     4
       Ensorcelled Hiber |       |       |       |       |     2 |     1 |       ||     3
       Bolt of Magma     |       |       |       |       |     1 |       |       ||     1
       Invisibility      |       |       |       |       |       |     7 |     5 ||    12
       Tukima's Dance    |       |       |       |       |       |     2 |     4 ||     6
       Swiftness         |       |       |       |       |       |       |     1 ||     1
Invok: Call Merchant     |       |       |     1 |     1 |     1 |     2 |       ||     5
 Abil: Dig               |       |       |     1 |       |     4 |     1 |       ||     6
Evoke: Wand              |       |       |     6 |     2 |    11 |    17 |       ||    36
  Use: Scroll            |     3 |     3 |       |    12 |    13 |    13 |     9 ||    53
       Potion            |       |     2 |     1 |     3 |     6 |     5 |    12 ||    29
 Stab: Sleeping          |     1 |       |     1 |     9 |     4 |     9 |     5 ||    29
       Confused          |       |     2 |     4 |     7 |     8 |    30 |       ||    51
       Distracted        |       |       |     2 |     4 |    11 |     7 |     3 ||    27
       Invisible         |       |       |       |       |       |    26 |     9 ||    35
       Held in net/web   |       |       |       |       |       |     1 |       ||     1
  Eat: Chunk             |     3 |       |       |       |       |       |       ||     3
       Ration            |       |     3 |     5 |     8 |    13 |    14 |     4 ||    47
Armor: Robe              |    28 |     8 |    36 |    27 |       |       |       ||    99
       Ring mail         |       |       |       |   184 |   173 |   225 |    33 ||   615
Dodge: Dodged            |    61 |    46 |   178 |   464 |   374 |   554 |    67 ||  1744
       Deflected         |       |       |       |       |       |       |    11 ||    11
Block: Buckler           |       |       |       |       |   129 |   212 |    71 ||   412
       Reflection        |       |       |       |       |       |     2 |    11 ||    13

Vanquished Creatures
  Arachne (Spider:3)
  Asterion (Elf:1)
  An Executioner (Abyss:3)
  Roxanne (D:15)
  3 frost giants
  2 fire giants (Depths:1)
  A deep elf sorcerer (Elf:1)
  5 ghost moths
  6 emperor scorpions (Spider:4)
  A reaper (Abyss:3)
  2 stone giants (Depths:1)
  6 entropy weavers
  A deep elf death mage (Elf:1)
  A fire dragon (Lair:6)
  Erolcha (D:9)
  A great orb of eyes (Depths:1)
  7 hydras
  3 catoblepae
  A yaktaur captain (Depths:1)
  6 two-headed ogres
  7 centaur warriors
  6 death yaks (Lair:6)
  6 tengu warriors
  A deep troll earth mage (Depths:1)
  4 orc high priests (Orc:2)
  2 vampire magi
  Nergalle (Lair:2)
  Urug (Lair:6)
  7 deep elf knights (Elf:1)
  A fire crab (Lair:6)
  3 skeletal warriors (D:14)
  A salamander mystic (Depths:1)
  4 wretched stars (Abyss:3)
  An unseen horror (shapeshifter) (Elf:1)
  3 deep trolls (Depths:1)
  4 unseen horrors (D:14)
  2 glowing orange brains
  A wizard (D:14)
  6 deep elf archers (Elf:1)
  19 orb spiders
  24 wolf spiders
  2 orc knights
  38 deep elf magi
  4 cyclopes
  12 ugly things
  2 orc sorcerers
  4 manticores
  A worldbinder (Abyss:3)
  3 moths of wrath
  2 salamanders (Depths:1)
  A rust devil (Depths:1)
  Maurice (D:12)
  6 black mambas
  A smoke demon (Abyss:3)
  2 molten gargoyles (Lair:6)
  5 spiny frogs
  A torpor snail (Lair:4)
  3 orange demons (D:12)
  3 ice statues (IceCv)
  A gargoyle (D:14)
  9 yaktaurs
  2 rime drakes
  2 efreet
  12 demonic crawlers
  2 tormentors (Abyss:3)
  2 red devils (D:12)
  2 ancient zymes (Abyss:3)
  A guardian mummy (D:13)
  A tengu conjurer (D:15)
  12 komodo dragons
  6 meliai
  4 hornets
  25 jumping spiders
  A polar bear (Lair:3)
  11 trolls
  A queen bee (Spider:1)
  4 slime creatures (D:14)
  Grinder (D:6)
  6 raiju (Abyss:3)
  2 large abominations (Abyss:3)
  18 blink frogs
  10 hippogriffs
  5 dream sheep (Lair:5)
  A snapping turtle (Lair:4)
  77 redbacks
  2 water elementals (Elf:1)
  2 ynoxinuls (Abyss:3)
  9 wyverns
  A wraith (D:11)
  34 yaks
  3 shadows
  28 tarantellas
  A fire elemental (Elf:1)
  3 steam dragons
  A vampire (D:15)
  A chaos spawn (Abyss:3)
  2 golden eyes (Abyss:3)
  Grum (D:9)
  A hungry ghost (D:7)
  3 basilisks
  An acid dragon (D:14)
  A warg (Orc:2)
  15 water moccasins
  3 hell hounds (Lair:6)
  7 porcupines
  A swamp drake (D:9)
  32 orc warriors
  4 sky beasts
  Purgy (Sewer)
  4 eyes of draining
  8 ice beasts
  2 black bears
  4 small abominations (Abyss:3)
  9 ogres
  2 phantoms
  21 wolves
  A necrophage (D:8)
  11 centaurs
  6 crocodiles
  A big kobold (D:9)
  An elf zombie (D:8)
  19 bullfrogs
  An earth elemental (Elf:1)
  A wyvern skeleton (D:13)
  2 scorpions
  6 wights
  31 killer bees
  6 howler monkeys
  A troll skeleton (D:8)
  An electric eel (Spider:1)
  8 crimson imps
  5 lava snakes (Lair:6)
  3 centaur zombies
  2 starcursed masses (Abyss:3)
  A quasit (D:9)
  4 hounds
  A bullfrog zombie (D:6)
  3 human zombies (D:8)
  8 jellies
  A bullfrog skeleton (D:9)
  33 orc priests
  2 iron imps (Abyss:3)
  36 orc wizards
  3 human skeletons (D:8)
  An iguana (D:9)
  5 centaur skeletons
  11 worker ants
  2 killer bee zombies
  A hound zombie (D:7)
  A mummy (D:8)
  25 gnolls
  10 adders
  An adder (shapeshifter) (D:13)
  A river rat (D:3)
  5 shadow imps
  6 oozes
  2 adder skeletons
  2 adder zombies (D:9)
  2 worms (D:4)
  7 leopard geckos
  86 orcs
  A giant cockroach (D:5)
  12 goblins
  13 hobgoblins
  6 jackals
  11 kobolds
  2 quokkas (D:8)
  3 ball pythons
  11 bats
  3 frilled lizards
  A quokka zombie (D:9)
  6 rats
  2 fire vortices
  6 plants
  A spectral weapon (Lair:6)
1115 creatures vanquished.

Vanquished Creatures (collateral kills)
  Louise (D:14)
1 creature vanquished.

Vanquished Creatures (others)
  8 dancing weapons
  A yaktaur (Depths:1)
  A wolf spider simulacrum (Abyss:3)
  A redback (Spider:4)
  An electric eel (Spider:2)
  7 fungi
  10 plants
  9 spectral weapons
  2 starspawn tentacles (Abyss:3)
40 creatures vanquished.

Grand Total: 1156 creatures vanquished
